 Dungeon Crawl Stone Soup version 0.21.0-3-g78d12a8 (webtiles) character file.

232 toffzen the Ruffian (level 5, -9/50 HPs)
             Began as a Troll Transmuter on Jan 16, 2018.
             Mangled by an ogre
             ... wielding a +0 giant club
              (31 damage)
             ... on level 4 of the Dungeon.
             The game lasted 00:06:59 (2903 turns).

toffzen the Ruffian (Troll Transmuter)              Turns: 2903, Time: 00:07:00

Health: -9/50      AC:  5    Str: 18    XL:     5   Next: 73%
Magic:  5/5        EV: 10    Int: 10    God:
Gold:   119        SH:  0    Dex: 10    Spells: 5/6 levels left

rFire    . . .     SeeInvis .     - Unarmed
rCold    . . .     Gourm    +   (no shield)
rNeg     . . .     Faith    .   b - +0 robe
rPois    .         Spirit   .   (helmet restricted)
rElec    .         Reflect  .   (no cloak)
rCorr    .         Harm     .   (gloves unavailable)
MR       .....                  (boots unavailable)
Stlth    +.........             (no amulet)
HPRegen  0.56/turn              (no ring)
MPRegen  0.09/turn              (no ring)

@: very slightly contaminated, invisible
A: large, unfitting armour, claws 3, fast metabolism 3, gourmand, regeneration
1, shaggy fur 1, tough skin 2
a: no special abilities


You were on level 4 of the Dungeon.
You were full.

You visited 1 branch of the dungeon, and saw 4 of its levels.

You collected 119 gold pieces.

Inventory:

Missiles
 a - 54 arrows
 f - 37 sling bullets
 h - 211 stones (quivered)
 y - 58 poisoned needles
Armour
 b - a +0 robe (worn)
Jewellery
 r - an uncursed amulet of rage {unknown}
Wands
 q - a wand of polymorph (15)
Scrolls
 e - 3 scrolls of magic mapping
 i - a scroll of fear {unknown}
 j - a scroll of fog {unknown}
 o - a scroll of teleportation {unknown}
 u - 3 scrolls of remove curse
 v - a scroll of noise {unknown}
Potions
 k - a potion of degeneration
 p - 2 potions of flight
 s - a potion of cancellation
 t - a potion of lignification {unknown}
 w - a potion of agility {unknown}
 z - a potion of might {unknown}
Books
 c - a book of Changes

   Spells                             Type                      Level
   a - Beastly Appendage              Transmutation                1
   b - Sticks to Snakes               Transmutation                2
   c - Spider Form                    Transmutation/Poison         3
   d - Ice Form                       Ice/Transmutation            4
   e - Blade Hands                    Transmutation                5
Comestibles
 d - 9 rations


   Skills:
 + Level 2.3 Fighting
 + Level 2.8 Dodging
 * Level 5.0 Unarmed Combat
 - Level 1.2 Spellcasting
 - Level 1.3 Transmutations


You had 5 spell levels left.
You knew the following spells:

 Your Spells              Type           Power        Failure   Level  Hunger
a - Beastly Appendage     Tmut           #.....       19%         1    ##.....


Dungeon Overview and Level Annotations

Branches:
Dungeon (4/15)
 Temple: D:4-7

Altars:
Ashenzari
Xom

Annotations:
D:4 Edmund


Innate Abilities, Weirdness & Mutations

You are too large for most types of armour.
You have claws for hands.
Your metabolism is lightning-fast.
You like to eat raw meat.
Your natural rate of healing is unusually fast.
You are covered in fur. (AC +1)
You have very tough skin. (AC +2)


Message History

You feel sick.
You see here a scorpion corpse.
You start resting.
You feel sick. x8
You are no longer poisoned.
You start resting.
HP restored.
There is an open door here.
Found a stone staircase leading down.
An ogre comes into view. It is wielding a giant club.
You fade into invisibility!
You are very lightly contaminated with residual magic.
The ogre hits you with a giant club!
You barely miss the ogre. The ogre hits you with a giant club!!
You scratch the ogre.
The ogre is lightly wounded.
The ogre hits you with a giant club. The ogre hits you with a giant club!!
Ouch! That really hurt!
You die...

##.# #.# #......# ###.##
...####.####......############[..
..................'.......†......
#######..###......##########.....
#..# #......# #.#### #..#
#......# #.# ..........##......#
#.### ..#######.##......# #...#
.......@.# #######.## .......O.#
#......... .........# #.########
...#.#...# #.# #.....#.## #.#
........# #.######## ......#.#
#......... .....##.#
#####.#####.##
........###.......#.....


You could see an ogre.

Vanquished Creatures
  A scorpion (D:4)
  An orc wizard (D:3)
  3 gnolls (D:3)
  3 adders
  An ooze (D:1)
  A worm (D:2)
  3 dart slugs
  A leopard gecko (D:1)
  5 orcs
  5 giant cockroaches
  6 goblins
  9 hobgoblins
  12 jackals
  5 bats
  6 frilled lizards
  7 kobolds
  15 rats
84 creatures vanquished.

Notes
Turn   | Place    | Note
-------+----------+-------------------------------------------
     0 | D:1      | toffzen the Troll Transmuter began the quest for the Orb.
     0 | D:1      | Reached XP level 1. HP: 18/18 MP: 1/1
    40 | D:1      | Reached skill level 1 in Fighting
   108 | D:1      | Reached XP level 2. HP: 27/27 MP: 2/2
   365 | D:1      | Reached XP level 3. HP: 33/33 MP: 3/3
   788 | D:2      | Reached skill level 4 in Unarmed Combat
   920 | D:2      | Reached XP level 4. HP: 40/41 MP: 4/4
  1861 | D:3      | Reached XP level 5. HP: 49/49 MP: 5/5
  1871 | D:3      | Found a shimmering altar of Xom.
  2299 | D:4      | Found a shattered altar of Ashenzari.
  2611 | D:4      | Noticed Edmund
  2806 | D:4      | Found a sand-covered staircase.
  2832 | D:4      | Reached skill level 5 in Unarmed Combat
  2886 | D:4      | Noticed an ogre
  2903 | D:4      | Mangled by an ogre

Skill      XL: |  1  2  3  4  5 |
---------------+----------------+-----
Fighting       | 1 2 |  2.3
Dodging        | 2 |  2.8
Unarmed Combat | 4 5 |  5.0
Spellcasting   | |  1.2
Transmutations | |  1.3

Action                   |  1- 3 |  4- 6 || total
-------------------------+-------+-------++-------
Melee: Unarmed           |   104 |   102 ||   206
       Punch             |     1 |       ||     1
  Use: Scroll            |       |     8 ||     8
       Potion            |       |     3 ||     3
  Eat: Chunk             |    14 |    14 ||    28
Armor: Robe              |    38 |    21 ||    59
Dodge: Dodged            |    44 |    40 ||    84
